 Dungeon Crawl Stone Soup version 0.22-a0-197-g4ac3794 (webtiles) character file.

75 Gorglomux the Ruffian (level 4, 0/35 HPs)
             Began as a Mummy Monk on Feb 18, 2018.
             Slain by a bat (1 damage)
             ... on level 3 of the Dungeon.
             The game lasted 00:06:51 (4333 turns).

Gorglomux the Ruffian (Mummy Monk)                  Turns: 4333, Time: 00:06:51

Health: 0/35       AC:  1    Str: 15    XL:     4   Next: 11%
Magic:  4/4        EV: 13    Int: 11    God:
Gold:   55         SH:  0    Dex: 14    Spells: 3/3 levels left

rFire    x . .     SeeInvis .     - Unarmed
rCold    + . .     Gourm    .   (no shield)
rNeg     + + +     Faith    .   (no armour)
rPois    ∞         Spirit   .   (no helmet)
rElec    .         Reflect  .   (no cloak)
rCorr    .         Harm     .   (no gloves)
MR       .....                  e - +0 pair of boots
Stlth    ++........             (no amulet)
HPRegen  0.11/turn              k - +2 ring of intelligence
MPRegen  0.09/turn              (no ring)

@: very slightly contaminated
A: no food or potions, fire vulnerability, cold resistance 1, negative energy
resistance 3, torment resistance, unbreathing
a: no special abilities


You were on level 3 of the Dungeon.
You were not hungry.

You visited 1 branch of the dungeon, and saw 3 of its levels.
You also visited: Sewer.

You collected 55 gold pieces.

Inventory:

Hand Weapons
 N - a +0 war axe (quivered)
Armour
 e - a +0 pair of boots (worn)
Jewellery
 k - a +2 ring of intelligence (left hand)
Scrolls
 a - a scroll of remove curse
 c - a scroll of immolation
 d - a scroll of random uselessness
 h - a scroll of noise {unknown}
 i - 2 scrolls of enchant armour {unknown}
 j - a scroll of teleportation {unknown}
 M - a scroll of magic mapping
 O - a scroll of amnesia {unknown}
 R - a scroll of identify


   Skills:
 - Level 3.0 Fighting
 - Level 2.4 Dodging
 - Level 1.5 Stealth
 + Level 4.1 Unarmed Combat


You had 3 spell levels left.
You didn't know any spells.

Dungeon Overview and Level Annotations

Branches:
Dungeon (3/15)

Altars:
Sif Muna

Annotations:
D:3 Purgy


Innate Abilities, Weirdness & Mutations

You do not eat or drink.
Your flesh is vulnerable to fire.
You are immune to poison.
Your flesh is cold resistant. (rC+)
You are immune to negative energy. (rN+++)
You are immune to unholy pain and torment.
You can survive without breathing.


Message History

The orc shouts!!!
You pulverise the bat!
You annihilate the bat!!!
You hear a shout!!! x2
An orc comes into view!
The orc priest shouts!!!
The orc priest invokes the aid of Beogh against you!
Beogh smites you!!! * * * don't die
* * *
There is an open door here!
Blink to where?
Press: ? - help, Dir - butt target cursor You are very lightly contaminated with residual magic!
As you read the scroll of blinking, it crumbles to dust!
The bat hits you! * * * don't die
* * * The bat closely misses you!
The bat closely misses you! The bat hits you! butt

#.# #.#§#+### *,*≈,,* #.#
#.#.#,******,+,,*, #######.#
#.#.#,,,,,,,,+,,*,
........########o#.#*******,*≈,**
.................#.# *,*≈,,,
#######.########.#.# *,*≈≈≈, #.#
#.#.# *,****+ #.########.#.#
*,,,,,, #.........@b.# *******
##########.### ###


You could see an orc priest and a bat.

Vanquished Creatures
  An adder (D:3)
  A river rat (D:2)
  2 dart slugs
  2 leopard geckos
  An orc (D:3)
  5 bats
  A giant cockroach (D:1)
  7 goblins
  3 hobgoblins
  5 jackals
  3 quokkas (D:3)
  2 ball pythons (D:1)
  5 frilled lizards
  5 kobolds
  8 rats
51 creatures vanquished.

Notes
Turn   | Place    | Note
-------+----------+-------------------------------------------
     0 | D:1      | Gorglomux the Mummy Monk began the quest for the Orb.
     0 | D:1      | Reached XP level 1. HP: 18/18 MP: 1/1
   116 | D:1      | Reached XP level 2. HP: 5/24 MP: 2/2
   477 | D:1      | Reached skill level 3 in Unarmed Combat
  1947 | D:2      | Reached XP level 3. HP: 29/29 MP: 3/3
  2067 | D:2      | Found a deep blue altar of Sif Muna.
  2698 | D:3      | Found a glowing drain.
  2916 | Sewer    | Entered a sewer
  3007 | Sewer    | Noticed Purgy
  3810 | D:3      | Reached skill level 4 in Unarmed Combat
  3822 | D:3      | Reached XP level 4. HP: 27/35 MP: 4/4
  4331 | D:3      | HP: 1/35 [bat (1)]
  4333 | D:3      | Slain by a bat

Vault maps used:
D:1:      nicolae_arrival_washed_ashore, serial_bayou, serial_bayou_shore_a,
          serial_bayou_pond_d, serial_bayou_pond_e, serial_bayou_pond_c
D:2:      led_sif_pool
D:3:      first_ration, portal_sewer_entry_c, kennysheep_generic_room_7
Sewer:    kennysheep_door_sewer

Skill      XL: |  1  2  3 |
---------------+----------+-----
Unarmed Combat | 3 4 |  4.1
Fighting       | |  3.0
Dodging        | |  2.4
Stealth        | |  1.5

Action                   |  1- 3 |  4- 6 || total
-------------------------+-------+-------++-------
Melee: Unarmed           |   159 |    16 ||   175
       Punch             |     1 |       ||     1
  Use: Scroll            |     7 |     1 ||     8
 Stab: Sleeping          |     5 |       ||     5
Armor: Skin              |     8 |     6 ||    14
Dodge: Dodged            |    83 |    20 ||   103

Table legend:
 A = Spawn XP
 B = Non-spawn XP
 C = Spawn XP percentage of total XP
 D = Spawn monster count
 E = Non-spawn monster count
 F = Spawn count percentage of total count
 G = Total turns spent on level
                    A         B        C        D         E        F      G
               +---------+---------+-------+---------+---------+-------+---------
         Total |       0 |     108 |   0.0 |       0 |      51 |   0.0 |  4333
               +---------+---------+-------+---------+---------+-------+---------
           D:1 |       0 |      31 |   0.0 |       0 |      19 |   0.0 |  1551
           D:2 |       0 |      29 |   0.0 |       0 |       9 |   0.0 |  1851
           D:3 |       0 |      43 |   0.0 |       0 |      20 |   0.0 |   828
         Sewer |       0 |       5 |   0.0 |       0 |       3 |   0.0 |   103
               +---------+---------+-------+---------+---------+-------+---------
